HSSL
BILLINGS WEST HS GOLDEN BEARS @ H.H. DOW HS CHARGERS
04/11/2023
 
TOP OF THE 1ST
Billings West HS Golden Bears batting - Pitching for H.H. Dow HS Chargers : RHP Martín Montero
Pitching: RHP Martín Montero
Batting: SHB Ray O'Dell 0-0: Ball
1-0: Called Strike
1-1: SINGLE (Groundball, 4M)
Batting: RHB Spike Kennedy 0-0: Ball
1-0: Ball
2-0: Foul Ball, location: 2F
2-1: Ball
3-1: SINGLE (Groundball, 4MD)
Ray O'Dell to second
Runner from 2nd tries for 3rd, SAFE, throw made to third
Batting: RHB Cole Boehmer 0-0: Ball
Spike Kennedy steals 2nd base
1-0: Fly out, F8 (Flyball, 8RM)
Runner from 3rd tags up, SCORES, no throw
Batting: RHB Dennis Garner 0-0: Ball
1-0: Ball
2-0: Called Strike
2-1: Ground out 5-3 (Groundball, 56S)
Spike Kennedy to third
Batting: RHB Kelsey Scott 0-0: Foul Ball, location: 2F
0-1: Called Strike
0-2: Foul Ball, location: 2F
0-2: Ball
1-2: Ball
2-2: Foul Ball, location: 2F
2-2: DOUBLE (Flyball, 89XD)
Spike Kennedy scores
Batting: RHB Henry Gregory 0-0: Called Strike
0-1: Ball
1-1: Foul Ball, location: 2F
1-2: Foul Ball, location: 2F
1-2: SINGLE (Line Drive, 6D)
Kelsey Scott to third
Batting: RHB Louis Vance 0-0: Ball
1-0: Called Strike
1-1: Ball
2-1: Ball
3-1: Swinging Strike
3-2: Foul Ball, location: 2F
3-2: DOUBLE (Flyball, 89M)
Kelsey Scott scores
Henry Gregory to third
Henry Gregory scores
Batting: RHB Jason Nava 0-0: Ball
1-0: Fly out, F2 (Popup, 2RF)
Top of the 1st over - 4 run(s), 5 hit(s), 0 error(s), 1 left on base; Billings West HS 4 - H.H. Dow HS 0
BOTTOM OF THE 1ST
H.H. Dow HS Chargers batting - Pitching for Billings West HS Golden Bears : RHP Bryan Glover
Pitching: RHP Bryan Glover
Batting: LHB Larry Battle 0-0: Ground out 4-3 (Groundball, 4)
Batting: RHB Matt Osborne 0-0: Called Strike
0-1: Ball
1-1: Foul Ball, location: 2F
1-2: Foul Ball, location: 2F
1-2: Foul Ball, location: 2F
1-2: Ball
2-2: Foul Ball, location: 2F
2-2: Ground out 5-3 (Groundball, 56)
Batting: SHB Caden Keith 0-0: Called Strike
0-1: Ball
1-1: Ground out 1-3 (Groundball, 15)
Bottom of the 1st over - 0 run(s), 0 hit(s), 0 error(s), 0 left on base; Billings West HS 4 - H.H. Dow HS 0
TOP OF THE 2ND
Billings West HS Golden Bears batting - Pitching for H.H. Dow HS Chargers : RHP Martín Montero
Batting: LHB Andrew Holt 0-0: Ball
1-0: Ball
2-0: Ground out 6-3 (Groundball, 6)
Batting: SHB Ray O'Dell 0-0: Called Strike
0-1: Ball
1-1: Foul Ball, location: 2F
1-2: Ball
2-2: Ball
3-2: Foul Ball, location: 2F
3-2: Strikes out looking
Batting: RHB Spike Kennedy 0-0: Ball
1-0: Called Strike
1-1: Called Strike
1-2: SOLO HOME RUN (Flyball, 7D), Distance : 379 ft
Batting: RHB Cole Boehmer 0-0: Ball
1-0: Foul Ball, location: 2F
1-1: Swinging Strike
1-2: Ball
2-2: Strikes out swinging
Top of the 2nd over - 1 run(s), 1 hit(s), 0 error(s), 0 left on base; Billings West HS 5 - H.H. Dow HS 0
BOTTOM OF THE 2ND
H.H. Dow HS Chargers batting - Pitching for Billings West HS Golden Bears : RHP Bryan Glover
Batting: RHB Jesús Domínguez 0-0: Foul Ball, location: 2F
0-1: Ball
1-1: SINGLE (Line Drive, 6MD)
Batting: RHB Tanner Albert 0-0: Called Strike
0-1: Fly out, F9 (Flyball, 8RM)
Batting: RHB Sidney Boyd 0-0: Called Strike
0-1: DOUBLE (Line Drive, 78M)
Jesús Domínguez to third
Batting: LHB David Sénéchal 0-0: Called Strike
0-1: Called Strike
0-2: Strikes out swinging
Batting: LHB Paul Cotton 0-0: DOUBLE (Groundball, 3)
Jesús Domínguez scores
Sidney Boyd scores
Batting: LHB Gary Powers 0-0: Foul Ball, location: 2F
0-1: Ball
1-1: Ball
2-1: Foul Ball, location: 2F
2-2: Strikes out looking
Bottom of the 2nd over - 2 run(s), 3 hit(s), 0 error(s), 1 left on base; Billings West HS 5 - H.H. Dow HS 2
TOP OF THE 3RD
Billings West HS Golden Bears batting - Pitching for H.H. Dow HS Chargers : RHP Martín Montero
Batting: RHB Dennis Garner 0-0: Ball
1-0: Called Strike
1-1: Ball
2-1: Ball
3-1: Base on Balls
Batting: RHB Kelsey Scott 0-0: Ball
1-0: Foul Ball, location: 2F
1-1: Ball
2-1: Ball
3-1: Base on Balls
Dennis Garner to second
Batting: RHB Henry Gregory 0-0: Swinging Strike
0-1: Ball
1-1: Ball
2-1: Ball
3-1: Swinging Strike
3-2: Strikes out swinging
Batting: RHB Louis Vance 0-0: Ball
1-0: Called Strike
1-1: Foul Ball, location: 2F
1-2: Foul Ball, location: 2F
1-2: Foul Ball, location: 2F
1-2: Grounds into double play, 4-6-3 (Groundball, 4)
Top of the 3rd over - 0 run(s), 0 hit(s), 0 error(s), 1 left on base; Billings West HS 5 - H.H. Dow HS 2
BOTTOM OF THE 3RD
H.H. Dow HS Chargers batting - Pitching for Billings West HS Golden Bears : RHP Bryan Glover
Batting: LHB Larry Battle 0-0: Called Strike
0-1: Foul Ball, location: 2F
0-2: Foul Ball, location: 2F
0-2: Ball
1-2: Strikes out swinging
Pitching: RHP Kenny Nolan
Batting: RHB Matt Osborne 0-0: Foul Ball, location: 2F
0-1: Ball
1-1: Ground out 5-3 (Groundball, 5S)
Batting: SHB Caden Keith 0-0: Called Strike
0-1: Ball
1-1: Ball
2-1: Ball
3-1: Foul Ball, location: 2F
3-2: Strikes out swinging
Bottom of the 3rd over - 0 run(s), 0 hit(s), 0 error(s), 0 left on base; Billings West HS 5 - H.H. Dow HS 2
TOP OF THE 4TH
Billings West HS Golden Bears batting - Pitching for H.H. Dow HS Chargers : RHP Martín Montero
Batting: RHB Jason Nava 0-0: Foul Ball, location: 2F
0-1: Called Strike
0-2: Ball
1-2: SINGLE (Line Drive, 8LS)
Pitching: RHP Alex Gómez
Batting: LHB Andrew Holt 0-0: Ball
1-0: Ball
2-0: Ball
3-0: Base on Balls
Jason Nava to second
Batting: SHB Ray O'Dell 0-0: Ball
1-0: Ball
2-0: Called Strike
2-1: Foul Ball, location: 2F
2-2: Foul Ball, location: 2F
2-2: Strikes out swinging
Batting: RHB Spike Kennedy 0-0: Ball
1-0: Fly out, F3 (Popup, 34S)
Batting: RHB Cole Boehmer 0-0: Fly out, F2 (Popup, 2RF)
Top of the 4th over - 0 run(s), 1 hit(s), 0 error(s), 2 left on base; Billings West HS 5 - H.H. Dow HS 2
BOTTOM OF THE 4TH
H.H. Dow HS Chargers batting - Pitching for Billings West HS Golden Bears : RHP Kenny Nolan
Batting: RHB Jesús Domínguez 0-0: Foul Ball, location: 2F
0-1: Swinging Strike
0-2: Ball
1-2: Strikes out swinging
Batting: RHB Tanner Albert 0-0: Called Strike
0-1: Fly out, F3 (Popup, 3S)
Batting: RHB Sidney Boyd 0-0: Swinging Strike
0-1: Foul Ball, location: 2F
0-2: Strikes out looking
Bottom of the 4th over - 0 run(s), 0 hit(s), 0 error(s), 0 left on base; Billings West HS 5 - H.H. Dow HS 2
TOP OF THE 5TH
Billings West HS Golden Bears batting - Pitching for H.H. Dow HS Chargers : RHP Alex Gómez
Batting: RHB Dennis Garner 0-0: Foul Ball, location: 2F
0-1: Ball
1-1: Ball
2-1: Called Strike
2-2: Ball
3-2: Base on Balls
Batting: RHB Kelsey Scott 0-0: Ball
1-0: Called Strike
1-1: Ball
Dennis Garner is caught stealing 2nd base
2-1: Ball
3-1: Foul Ball, location: 2F
3-2: Strikes out swinging
Batting: RHB Henry Gregory 0-0: Ball
1-0: Fly out, F8 (Flyball, 8LS)
Top of the 5th over - 0 run(s), 0 hit(s), 0 error(s), 0 left on base; Billings West HS 5 - H.H. Dow HS 2
BOTTOM OF THE 5TH
H.H. Dow HS Chargers batting - Pitching for Billings West HS Golden Bears : RHP Kenny Nolan
Batting: LHB David Sénéchal 0-0: Ground out 6-3 (Groundball, 6)
Batting: LHB Paul Cotton 0-0: Called Strike
0-1: Hit by Pitch
Batting: LHB Gary Powers 0-0: Fly out, F7 (Flyball, 8LM)
Batting: LHB Larry Battle 0-0: Ball
1-0: Called Strike
1-1: Called Strike
Paul Cotton is caught stealing 2nd base
Bottom of the 5th over - 0 run(s), 0 hit(s), 0 error(s), 0 left on base; Billings West HS 5 - H.H. Dow HS 2
TOP OF THE 6TH
Billings West HS Golden Bears batting - Pitching for H.H. Dow HS Chargers : RHP Alex Gómez
Batting: RHB Louis Vance 0-0: Ball
1-0: Called Strike
1-1: Reached on error, E4 (Groundball, 4S)
Batting: RHB Jason Nava 0-0: Fly out, F9 (Flyball, 89M)
0-0: Fly out, F9 (Flyball, 89M)
Batting: LHB Andrew Holt 0-0: Swinging Strike
0-1: Ground out U3 (Groundball, 3S)
Louis Vance to second
Batting: SHB Ray O'Dell 0-0: Swinging Strike
0-1: Foul Ball, location: 2F
0-2: Ball
1-2: Foul Ball, location: 2F
Single, Error in OF, E9, batter to second base
Louis Vance scores
Batting: RHB Spike Kennedy 0-0: Ball
1-0: Ball
2-0: Ball
3-0: Called Strike
3-1: Foul Ball, location: 2F
3-2: Base on Balls
Batting: RHB Cole Boehmer 0-0: Ball
1-0: Ground out 4-3 (Groundball, 4)
Top of the 6th over - 1 run(s), 1 hit(s), 2 error(s), 2 left on base; Billings West HS 6 - H.H. Dow HS 2
BOTTOM OF THE 6TH
H.H. Dow HS Chargers batting - Pitching for Billings West HS Golden Bears : RHP Kenny Nolan
Batting: LHB Larry Battle 0-0: Called Strike
0-1: Foul Ball, location: 2F
0-2: Strikes out swinging
Batting: RHB Matt Osborne 0-0: Called Strike
0-1: Ball
1-1: SOLO HOME RUN (Flyball, 78XD), Distance : 431 ft
Batting: SHB Caden Keith 0-0: Ball
1-0: Ball
2-0: Called Strike
2-1: Fly out, F6 (Popup, 5D)
Batting: RHB Jesús Domínguez 0-0: Ball
1-0: Ball
2-0: Called Strike
2-1: Ground out U3 (Groundball, 3)
Bottom of the 6th over - 1 run(s), 1 hit(s), 0 error(s), 0 left on base; Billings West HS 6 - H.H. Dow HS 3
TOP OF THE 7TH
Billings West HS Golden Bears batting - Pitching for H.H. Dow HS Chargers : RHP Alex Gómez
Pitching: RHP Stu Morris
Batting: RHB Dennis Garner 0-0: Ball
1-0: Ball
2-0: Called Strike
2-1: Ball
3-1: Ground out 4-3 (Groundball, 4)
Batting: RHB Kelsey Scott 0-0: Foul Ball, location: 2F
0-1: Ball
1-1: Ball
2-1: Ball
3-1: Base on Balls
Batting: RHB Henry Gregory 0-0: Grounds into double play, 1-4-3 (Groundball, 15S)
Top of the 7th over - 0 run(s), 0 hit(s), 0 error(s), 0 left on base; Billings West HS 6 - H.H. Dow HS 3
BOTTOM OF THE 7TH
H.H. Dow HS Chargers batting - Pitching for Billings West HS Golden Bears : RHP Kenny Nolan
Pitching: RHP Allan Dotson
Batting: RHB Tanner Albert 0-0: Ball
1-0: Foul Ball, location: 2F
1-1: Foul Ball, location: 2F
1-2: Foul Ball, location: 2F
1-2: Hit by Pitch
Batting: RHB Sidney Boyd 0-0: Ball
1-0: Ball
2-0: Foul Ball, location: 2F
2-1: Swinging Strike
2-2: Strikes out swinging
Batting: LHB David Sénéchal 0-0: Ball
1-0: Ball
2-0: Foul Ball, location: 2F
2-1: Called Strike
2-2: Ball
3-2: Foul Ball, location: 2F
3-2: Strikes out swinging
Batting: LHB Paul Cotton 0-0: Ball
1-0: Fly out, F7 (Flyball, 78M)
Bottom of the 7th over - 0 run(s), 0 hit(s), 0 error(s), 1 left on base; Billings West HS 6 - H.H. Dow HS 3
TOP OF THE 8TH
Billings West HS Golden Bears batting - Pitching for H.H. Dow HS Chargers : RHP Stu Morris
Batting: RHB Louis Vance 0-0: Called Strike
0-1: Ball
1-1: Ball
2-1: Ball
3-1: Foul Ball, location: 2F
3-2: Foul Ball, location: 2F
3-2: Foul Ball, location: 2F
3-2: Base on Balls
Batting: RHB Jason Nava 0-0: Swinging Strike
0-1: Ball
1-1: Foul Ball, location: 2F
1-2: Ball
2-2: Strikes out swinging
Batting: LHB Andrew Holt 0-0: Ball
1-0: Called Strike
1-1: Foul Ball, location: 2F
1-2: Strikes out looking
Batting: SHB Ray O'Dell 0-0: Ball
1-0: Ground out 4-3 (Groundball, 4MS)
Top of the 8th over - 0 run(s), 0 hit(s), 0 error(s), 1 left on base; Billings West HS 6 - H.H. Dow HS 3
BOTTOM OF THE 8TH
H.H. Dow HS Chargers batting - Pitching for Billings West HS Golden Bears : RHP Allan Dotson
Now at 1B: Bryce Murray
Batting: LHB Gary Powers 0-0: Fly out, F4 (Popup, 4S)
Batting: LHB Larry Battle 0-0: Ball
1-0: Called Strike
1-1: Called Strike
Single, Error in OF, E9, batter to second base
Pitching: RHP Otis Buchanan
Batting: RHB Matt Osborne 0-0: Called Strike
0-1: Ground out 6-3 (Groundball, 6)
Batting: SHB Caden Keith 0-0: Ball
1-0: Ball
2-0: Foul Ball, location: 2F
2-1: Ball
3-1: Swinging Strike
3-2: Base on Balls
Batting: RHB Jesús Domínguez 0-0: Ball
1-0: Called Strike
1-1: SINGLE (Groundball, 6MD)
Larry Battle to third
Caden Keith to second
Runner from 3rd tries for Home, SAFE, no throw or cutoff
Batting: RHB Tanner Albert 0-0: Called Strike
0-1: Foul Ball, location: 2F
0-2: Foul Ball, location: 2F
0-2: Ball
1-2: Foul Ball, location: 2F
1-2: Strikes out swinging
Bottom of the 8th over - 1 run(s), 2 hit(s), 1 error(s), 2 left on base; Billings West HS 6 - H.H. Dow HS 4
TOP OF THE 9TH
Billings West HS Golden Bears batting - Pitching for H.H. Dow HS Chargers : RHP Stu Morris
Pitching: RHP Mack Rhodes
Batting: RHB Spike Kennedy 0-0: Called Strike
0-1: Swinging Strike
0-2: Strikes out swinging
Batting: RHB Cole Boehmer 0-0: Ball
1-0: SINGLE (Line Drive, 7LS)
Batting: RHB Dennis Garner 0-0: Swinging Strike
0-1: Ball
1-1: Swinging Strike
1-2: Strikes out swinging
Batting: RHB Kelsey Scott 0-0: Called Strike
0-1: Foul Ball, location: 2F
0-2: Fly out, F5 (Popup, 25F)
Top of the 9th over - 0 run(s), 1 hit(s), 0 error(s), 1 left on base; Billings West HS 6 - H.H. Dow HS 4
BOTTOM OF THE 9TH
H.H. Dow HS Chargers batting - Pitching for Billings West HS Golden Bears : RHP Otis Buchanan
Pitching: RHP Corey Goguen
Batting: RHB Sidney Boyd 0-0: Called Strike
0-1: Ball
1-1: Called Strike
1-2: Ball
2-2: Strikes out looking
Batting: LHB David Sénéchal 0-0: Ball
1-0: Ball
2-0: Called Strike
2-1: Ball
3-1: Base on Balls
Pinch Hitting: SHB Carlton Moreno 0-0: Ball
Wild Pitch!
David Sénéchal to second
1-0: SINGLE (Groundball, 34D)
David Sénéchal to third
Batting: LHB Gary Powers 0-0: Foul Ball, location: 2F
0-1: SINGLE (Line Drive, 89S)
David Sénéchal scores
Carlton Moreno to second
Batting: LHB Larry Battle 0-0: Ball
1-0: Called Strike
1-1: Ball
2-1: Ball
3-1: Foul Ball, location: 2F
3-2: Base on Balls
Carlton Moreno to third
Gary Powers to second
Batting: RHB Matt Osborne 0-0: Ball
1-0: SINGLE (Groundball, 5L)
Carlton Moreno scores
Gary Powers to third
Larry Battle to second
Runner from 3rd tries for Home, SAFE, throw made home
This league is powered by Out of the Park Baseball, the baseball management simulation game for PC, Mac and Linux
Wednesday, December 2nd, 2015 - OOTP Baseball 16.8 Build 38